 Dungeon Crawl Stone Soup version 0.24-a0-464-g6b2be6b8c7 (webtiles) character file.

Game seed: 12740117279445507836

69 Bikalo the Ducker (level 4, 0/34 HPs)
             Began as a Merfolk Gladiator on July 3, 2019.
             Slain by an orc wizard
             ... wielding a +0 dagger
              (2 damage)
             ... on level 3 of the Dungeon.
             The game lasted 00:03:34 (2003 turns).

Bikalo the Ducker (Merfolk Gladiator)               Turns: 2003, Time: 00:03:35

Health: 0/34       AC:  7    Str: 14    XL:     4   Next: 20%
Magic:  4/4        EV: 14    Int:  7    God:
Gold:   136        SH:  4    Dex: 16    Spells: 3/3 levels left

rFire    . . .     SeeInvis .   a - +0 long sword
rCold    . . .     Gourm    .   m - +0 buckler
rNeg     . . .     Faith    .   b - +0 leather armour
rPois    .         Spirit   .   c - +0 helmet
rElec    .         Reflect  .   (no cloak)
rCorr    .         Harm     .   (no gloves)
MR       .....                  (no boots)
Stlth    +.........             (no amulet)
HPRegen  0.11/turn              q - +3 ring of protection
MPRegen  0.09/turn              (no ring)

@: hasted and slowed
A: change form in water, swift swim, stealthy swim
a: no special abilities


You were on level 3 of the Dungeon.
You were not hungry.

You visited 1 branch of the dungeon, and saw 3 of its levels.

You collected 136 gold pieces.

Inventory:

Hand Weapons
 a - a +0 long sword (weapon)
Missiles
 d - 3 throwing nets (quivered)
Armour
 b - a +0 leather armour (worn)
 c - a +0 helmet (worn)
 m - a +0 buckler (worn)
Jewellery
 q - a +3 ring of protection (left hand)
Scrolls
 e - 4 scrolls of identify {unknown}
 j - a scroll of remove curse {unknown}
 k - a scroll of teleportation {unknown}
 n - a scroll of fear {unknown}
 r - a scroll of amnesia {unknown}
 s - a scroll of fog {unknown}
Potions
 g - a potion of berserk rage {unknown}
 h - a potion of haste
 i - 2 potions of curing {unknown}
 l - a potion of magic {unknown}
 o - a potion of heal wounds {unknown}
Comestibles
 f - 4 rations


   Skills:
 + Level 2.9 Fighting
 * Level 4.4 Long Blades
 - Level 2.0 Throwing
 + Level 4.6 Dodging
 + Level 1.0 Shields


You had 3 spell levels left.
You didn't know any spells.
Your spell library was empty.

Dungeon Overview and Level Annotations

Branches:
Dungeon (3/15)

Altars:
Hepliaklqana
Ru
The Shining One


Message History

You feel yourself slow down.
You closely miss the orc wizard.
The orc wizard is heavily wounded.
The orc wizard misses you.
You riposte.
You miss the orc wizard.
The orc wizard is heavily wounded.
The orc wizard points at you and mumbles some strange words.
The magic dart hits you.
You hit the orc wizard.
The orc wizard is almost dead.
The orc wizard points at you and mumbles some strange words.
The magic dart hits you!
* * * LOW HITPOINT WARNING * * *
The orc wizard gestures at you while chanting.
The magic dart hits you.
* * * LOW HITPOINT WARNING * * *
The orc wizard barely misses you.
It was a potion of haste.
You feel yourself speed up.
The orc wizard hits you but does no damage.
The orc wizard hits you with a +0 dagger.
You die...

#. #.#### ######
#####....##################.....
........)........g........).....
#######...###....####..§..##.....
...................l).....'......
######)#####.##.####.....#######
#..>)# #.##o# #.....#
#.########.##@# #.....#
#.#...÷..).##.####.....#
#.'...#<)÷.......#.....#
###...####.......####### #...#
#.......# #...# #.......# #####
#########


You could see an orc wizard.

Vanquished Creatures
  A worm (D:2)
  2 dart slugs
  13 orcs
  2 giant cockroaches (D:2)
  7 goblins
  5 hobgoblins
  2 kobolds
  2 ball pythons
  4 bats
  5 frilled lizards
  2 rats
45 creatures vanquished.

Notes
Turn   | Place    | Note
-------+----------+-------------------------------------------
     0 | D:1      | Bikalo the Merfolk Gladiator began the quest for the Orb.
     0 | D:1      | Reached XP level 1. HP: 16/16 MP: 1/1
   146 | D:1      | Reached XP level 2. HP: 23/23 MP: 2/2
   501 | D:2      | Found a hazy altar of Hepliaklqana.
   969 | D:2      | Reached XP level 3. HP: 22/28 MP: 3/3
  1183 | D:2      | Found a glowing golden altar of the Shining One.
  1184 | D:2      | Found a sacrificial altar of Ru.
  1473 | D:3      | Reached XP level 4. HP: 28/34 MP: 4/4
  1502 | D:3      | Reached skill level 1 in Shields
  2003 | D:3      | Slain by an orc wizard

Levels and vault maps discovered:
D:1:      lemuel_arrival_room, layout_basic, roderic_serpentine_path
D:2:      layout_rooms, grunt_temple_overflow_open, first_ration,
          minmay_misc_feat_columns, chequers_serial_rivers_small_a
D:3:      layout_basic

Skill      XL: |  1  2  3  4 |
---------------+-------------+-----
Long Blades    | 4 |  4.4
Shields        | 1 |  1.0
Fighting       | |  2.9
Throwing       | |  2.0
Dodging        | |  4.6

Action                   |  1- 3 |  4- 6 || total
-------------------------+-------+-------++-------
Melee: Long sword        |   107 |    35 ||   142
  Use: Potion            |       |     1 ||     1
 Stab: Sleeping          |     2 |       ||     2
  Eat: Chunk             |     2 |     2 ||     4
Armor: Leather armour    |    25 |    14 ||    39
Dodge: Dodged            |    61 |    35 ||    96
Block: Buckler           |     8 |     5 ||    13
       Rpst.: Long sword |    10 |    12 ||    22

Table legend:
 A = Non-vault XP
 B = Vault XP
 C = Vault XP percentage of total XP
 D = Non-vault monster count
 E = Vault monster count
 F = Vault count percentage of total count
                 A         B        C        D         E       F
            +---------+---------+-------+---------+---------+-------
      Total |      99 |       0 |   0.0 |      45 |       0 |   0.0
            +---------+---------+-------+---------+---------+-------
        D:1 |      24 |       0 |   0.0 |      14 |       0 |   0.0
        D:2 |      30 |       0 |   0.0 |      14 |       0 |   0.0
        D:3 |      45 |       0 |   0.0 |      17 |       0 |   0.0
            +---------+---------+-------+---------+---------+-------
